Map: Abiogenesis LE

Players

RealBear - Winner!

  • Race: Terran Terran
  • League: Gold
  • Spawn Location: 5:00

A.I. 1 (Elite)

  • Race: Protoss Protoss
  • Spawn Location: 11:00

VOD

Have the link to the VOD?

Description

Time

  • Played on: Feb. 10, 2018, 2:40 p.m.
  • Length: 16:18
Show
View Real Time Build Order
Export as new Build Order

RealBear Terran - Winner!

Build Orders: Bio Mine 

Get SALT Encoding   

  12  0:00  SCV  
  13  0:15  Supply Depot  
  13  0:17  SCV  
  14  0:26  Refinery  
  14  0:29  SCV  
  15  0:42  Barracks  
  15  0:47  SCV  
  16  0:59  SCV  
  17  1:11  SCV  
  18  1:23  SCV  
  19  1:31  Factory  
  19  1:35  Orbital Command  
  19  1:47  Refinery  
  19  1:49  Reaper  
  21  2:01  SCV  
  21  2:13  SCV  
  22  2:21  Barracks Reactor  
  22  2:29  Supply Depot  
  22  2:33  Command Center  
  22  2:42  Barracks  
  22  2:46  SCV  
  23  3:02  Marine x2  
  25  3:09  SCV  
  26  3:18  Starport  
  26  3:20  Marine x2  
  28  3:27  Widow Mine  
  28  3:31  Barracks Reactor  
  30  3:34  Barracks  
  30  3:35  SCV  
  30  3:40  Supply Depot  
  31  3:45  Orbital Command  
  31  3:54  Factory Tech Lab  
  31  4:04  Supply Depot  
  31  4:06  Barracks  
  31  4:08  Engineering Bay  
  31  4:15  Siege Tank  
  31  4:16  Marine x2  
  36  4:17  Marine x2  
  36  4:22  Barracks Tech Lab  
  38  4:25  SCV  
  39  4:37  Terran Infantry Weapons Level 1, Engineering Bay  
  40  4:38  SCV  
  40  4:45  Marine x2  
  42  4:48  Stimpack  
  42  4:53  Widow Mine  
  42  4:56  Marine x2  
  42  4:58  Marauder  
  48  5:04  SCV  
  48  5:07  Terran Infantry Armor Level 1  
  49  5:11  Marine  
  49  5:13  Marine x2  
  52  5:19  Marauder  
  54  5:22  SCV  
  55  5:30  Supply Depot  
  55  5:32  Marine x2  
  55  5:33  Marine x2  
  55  5:35  Widow Mine  
  61  5:51  Medivac  
  61  5:52  Marine x2  
  61  5:53  Marine x2  
  61  5:54  Supply Depot  
  61  5:55  Marauder  
  69  6:03  SCV  
  70  6:15  Marine x3, Widow Mine  
  70  6:17  Supply Depot  
  75  6:26  Marauder  
  75  6:27  Marine  
  75  6:28  Medivac  
  75  6:32  SCV  
  81  6:33  Marine x3, SCV  
  81  6:38  Siege Tank  
  81  6:39  Armory  
  88  6:45  Supply Depot  
  88  6:48  Marine x2  
  88  6:51  Marine  
  88  6:54  Marine x2  
  93  7:10  Siege Tank  
  96  7:25  Marine  
  96  7:26  Marauder, Marine  
  96  7:29  Medivac  
  102  7:36  Refinery  
  102  7:37  Refinery  
  102  7:43  Supply Depot  
  102  7:45  Siege Tank, SCV x2  
  102  7:48  Marauder  
  87  8:29  Marine x3  
  63  8:53  Marine x3  
  61  8:55  SCV  
  61  8:56  SCV  
  61  9:01  Terran Infantry Weapons Level 2, Terran Infantry Armor Level 2  
  63  9:04  Supply Depot  
  63  9:08  SCV  
  64  9:12  SCV  
  64  9:13  Barracks  
  64  9:15  Barracks  
  65  9:17  Barracks  
  65  9:18  Command Center  
  65  9:20  Starport Reactor, SCV  
  65  9:22  Marine x2  
  68  9:24  SCV  
  68  9:26  Supply Depot  
  69  9:31  Drilling Claws  
  69  9:32  SCV  
  69  9:35  Combat Shields  
  69  9:37  Marine x2  
  72  9:39  Marauder  
  72  9:40  Marine  
  75  9:47  SCV x2  
  75  9:52  Siege Tank  
  80  10:00  SCV  
  80  10:01  SCV  
  80  10:06  Barracks Reactor, Barracks Tech Lab  
  82  10:07  Barracks Reactor  
  82  10:09  Marine x2  
  82  10:12  Medivac x2, SCV  
  89  10:24  Siege Tank  
  89  10:27  Concussive Shells  
  92  10:29  Marauder x2, Marine x2  
  92  10:30  Marine  
  99  10:35  Marine  
  100  10:42  Orbital Command  
  100  10:47  Marine  
  100  10:49  Medivac x2  
  105  10:55  SCV x2  
  109  10:57  Widow Mine  
  109  11:07  SCV  
  98  11:18  Widow Mine  
  85  11:28  Marine  
  85  11:29  Marine x2  
  85  11:30  Marauder x2  
  85  11:31  Medivac x2  
  95  11:43  Marine  
  95  11:44  Marine x2  
  100  11:47  Widow Mine  
  100  12:08  Widow Mine  
  102  12:09  Marine x3  
  102  12:10  Marauder x2, Marine  
  100  12:19  Medivac x2  
  100  12:22  Marine x2  
  104  12:23  Marine  
  104  12:24  Terran Infantry Armor Level 3, Terran Infantry Weapons Level 3  
  104  12:26  Orbital Command  
  104  12:29  Hellion  
  109  12:32  Marauder x2  
  109  12:36  Command Center  
  113  12:51  Hellion  
  115  13:05  Liberator  
  115  13:06  Liberator  
  115  13:12  Marine x3  
  120  13:13  Marauder x2  
  120  13:15  Siege Tank  
  120  13:17  Marine x3  
  136  13:34  Marauder  
  130  13:47  Widow Mine  
  127  13:55  Marauder  
  127  14:09  Widow Mine  
  129  14:13  Marine x4  
  129  14:14  Marauder  
  137  14:17  Marauder  
  137  14:21  Orbital Command  
  134  14:35  Marauder  
  138  14:38  Marauder  
  138  14:49  Refinery  
  138  14:56  Medivac  
  138  14:57  Medivac, Marauder, Marine x4  
  146  15:12  Marine x4  
  150  15:30  Marine x4  
  150  15:31  Marine x6  
  160  15:46  Barracks  
  160  15:54  Barracks  
Show
View Real Time Build Order
Export as new Build Order

A.I. 1 (Elite) Protoss 

Build Orders: Zealot Archon 

Get SALT Encoding   

  12  0:00  Probe  
  13  0:13  Probe  
  14  0:19  Pylon  
  14  0:25  Probe  
  15  0:37  Probe  
  15  0:40  Gateway  
  16  0:47  Assimilator  
  16  0:49  Probe  
  17  0:59  Pylon  
  17  1:01  Probe  
  18  1:13  Probe  
  19  1:26  Probe  
  19  1:29  Zealot  
  19  1:31  Cybernetics Core  
  22  1:38  Probe  
  23  1:50  Probe  
  24  1:56  Gateway  
  24  1:58  Pylon  
  24  1:59  Zealot  
  26  2:02  Probe  
  27  2:26  Nexus  
  27  2:29  Probe  
  27  2:35  Warp Gate  
  27  2:41  Probe  
  28  2:44  Assimilator  
  28  2:52  Adept  
  28  2:53  Probe  
  31  2:59  Adept  
  34  3:05  Probe  
  34  3:10  Pylon  
  34  3:17  Probe  
  34  3:19  Stalker  
  37  3:29  Probe  
  38  3:38  Probe  
  39  3:42  Probe  
  40  3:49  Robotics Facility  
  40  3:50  Probe  
  40  3:51  Adept  
  40  3:54  Probe  
  44  4:01  Adept  
  44  4:02  Probe  
  47  4:06  Probe  
  48  4:14  Probe  
  48  4:18  Probe, Adept  
  51  4:24  Pylon  
  51  4:26  Probe  
  51  4:30  Probe  
  54  4:38  Probe  
  54  4:39  Immortal  
  54  4:40  Stalker  
  54  4:42  Probe  
  61  4:45  Pylon  
  61  4:50  Probe  
  62  4:53  Stalker  
  62  4:54  Probe  
  65  5:02  Probe  
  65  5:05  Robotics Facility  
  65  5:06  Probe  
  67  5:08  Stalker  
  69  5:14  Probe  
  69  5:18  Immortal, Probe  
  74  5:25  Twilight Council  
  74  5:26  Probe  
  75  5:30  Probe  
  75  5:31  Pylon  
  76  5:43  Assimilator  
  76  5:47  Assimilator  
  76  5:49  Probe  
  78  5:50  Probe  
  78  5:53  Pylon  
  78  5:56  Gateway  
  78  6:05  Templar Archives, Probe  
  78  6:09  Probe  
  80  6:11  Zealot  
  80  6:13  Pylon  
  80  6:18  Probe  
  83  6:21  Probe  
  84  6:29  Forge, Sentry  
  84  6:31  Forge  
  86  6:34  Nexus, Stalker  
  86  6:37  Pylon  
  88  6:50  Sentry  
  88  6:52  High Templar  
  92  6:57  Pylon, High Templar  
  92  7:00  Gateway  
  94  7:04  Protoss Ground Weapons Level 1  
  94  7:09  Observer  
  94  7:13  Zealot  
  97  7:16  Photon Cannon  
  97  7:19  Pylon, Archon  
  97  7:23  Warp Prism  
  97  7:24  High Templar  
  97  7:29  High Templar  
  103  7:31  Warp Prism  
  103  7:33  Stalker  
  107  7:41  Photon Cannon  
  107  7:43  Photon Cannon  
  107  7:44  Archon  
  107  7:47  Probe x3  
  110  7:54  Assimilator, High Templar  
  110  7:57  Pylon, Stalker  
  110  7:58  Assimilator  
  114  7:59  Probe x3  
  105  8:11  Probe x2  
  84  8:23  Probe  
  84  8:24  Probe  
  69  8:43  High Templar  
  54  8:50  Zealot  
  56  8:56  Nexus  
  56  9:00  Zealot  
  56  9:01  High Templar  
  60  9:09  Probe  
  61  9:10  Sentry  
  61  9:12  Probe  
  61  9:16  Adept  
  66  9:21  Probe  
  67  9:24  Probe  
  67  9:26  Archon  
  67  9:27  High Templar  
  70  9:33  Stalker, Probe  
  70  9:37  Probe  
  74  9:45  Probe, High Templar  
  75  9:49  Stalker, Probe  
  80  9:57  Probe  
  81  10:00  Stalker  
  81  10:01  Probe  
  81  10:05  Sentry  
  86  10:07  Archon  
  86  10:09  Probe  
  86  10:10  Probe  
  86  10:13  Probe  
  89  10:18  High Templar  
  91  10:21  Probe  
  91  10:22  Probe  
  91  10:25  Probe  
  91  10:28  Zealot  
  96  10:30  High Templar  
  96  10:34  Probe x2  
  100  10:37  Probe  
  101  10:42  Psionic Storm  
  101  10:46  Probe  
  101  10:47  Probe  
  101  10:49  Probe  
  104  10:51  Archon  
  104  10:56  High Templar  
  106  10:58  Probe  
  106  10:59  Probe  
  106  11:01  Probe  
  109  11:06  High Templar  
  109  11:08  Assimilator  
  109  11:09  Zealot x2  
  109  11:10  Probe  
  110  11:14  Probe  
  110  11:17  Probe  
  96  11:22  Probe  
  84  11:28  Zealot  
  84  11:30  Sentry, Adept  
  82  11:39  Stalker  
  68  11:48  Stalker  
  68  11:51  Nexus  
  66  12:03  Pylon  
  60  12:11  Stalker  
  60  12:12  Archon  
  60  12:16  High Templar  
  60  12:19  Sentry  
  64  12:31  High Templar  
  64  12:32  Probe  
  64  12:34  Probe  
  64  12:35  Adept  
  70  12:38  Probe  
  71  12:44  Probe  
  71  12:46  Probe  
  71  12:49  High Templar  
  71  12:50  Probe  
  76  12:56  Probe  
  77  12:58  Probe, Archon  
  77  13:02  Probe  
  77  13:03  Probe, High Templar  
  82  13:08  Probe  
  82  13:10  Probe  
  84  13:14  Probe  
  84  13:15  Probe, Archon  
  84  13:17  High Templar  
  88  13:20  Probe  
  88  13:22  Probe  
  88  13:24  High Templar  
  92  13:27  Probe  
  92  13:29  Probe  
  92  13:32  Probe  
  93  13:35  Probe  
  93  13:40  Stalker  
  82  13:44  Zealot  
  64  13:50  Adept  
  60  14:10  Stalker  
  60  14:17  Nexus  
  60  14:19  Adept  
  60  14:22  High Templar  
  48  14:25  High Templar  
  47  14:38  Pylon  
  36  14:57  High Templar  
  7  15:21  Probe  
  6  15:30  High Templar  
  6  15:33  Probe  
  9  15:36  High Templar  
  8  15:45  Probe  
  9  15:57  Probe  
Tags
 
Add a new tag
Caveats
  • Supply blocks, unpowered buildings, or Contaminate may cause inaccurate times.
  • Supply counts are checked every 10 seconds.